 Dungeon Crawl Stone Soup version 0.18.1-48-g4cf74bf (webtiles) character file.

313 Gargoyl the Skirmisher (level 6, -4/48 HPs)
             Began as a Demonspawn Abyssal Knight on Aug 30, 2016.
             Was a Priest of Lugonu.
             Killed from afar by Ross's ghost (13 damage)
             ... with a puff of flame
             ... on level 4 of the Dungeon.
             The game lasted 00:07:11 (3316 turns).

Gargoyl the Skirmisher (Demonspawn Abyssal Knight)  Turns: 3316, Time: 00:07:12

Health: -4/48      AC: 18    Str: 14    XL:     6   Next: 19%
Magic:  8/8        EV:  4    Int: 14    God:    Lugonu [***...]
Gold:   138        SH:  0    Dex: 14    Spells: 0 memorised, 5 levels left

rFire  . . .     SeeInvis .     D - +0 war axe
rCold  . . .     Gourm    .     x - +1 plate armour
rNeg   + . .     Faith    .     (no shield)
rPois  +         Spirit   .     (no helmet)
rElec  .         Dismiss  .     (no cloak)
rCorr  .         Reflect  .     (no gloves)
SustAt .         Harm     .     (no boots)
MR     .....                    (no amulet)
Stlth  ..........               s - ring of poison resistance
                                q - ring of positive energy

@: not resistant to hostile enchantments, extremely unstealthy
A: iridescent scales 2, agile 1, demonic guardian 1, powered by pain 1
a: Depart the Abyss, Bend Space, Banish, Renounce Religion


You were on level 4 of the Dungeon.
You worshipped Lugonu.
Lugonu was most pleased with you.
You were very hungry.

You visited 1 branch of the dungeon, and saw 4 of its levels.
You visited the Abyss 1 time.

You collected 138 gold pieces.

Inventory:

Hand Weapons
 n - a +0 spear
 D - a +0 war axe (weapon)
Missiles
 h - 2 tomahawks of returning (quivered)
 k - 7 tomahawks
Armour
 x - a +1 plate armour (worn)
Jewellery
 q - a ring of positive energy (left hand)
 s - a ring of poison resistance (right hand)
 u - an uncursed ring of ice
Wands
 e - a wand of disintegration (13/24)
Scrolls
 g - 4 scrolls of identify
 m - a scroll of remove curse
 o - a scroll of amnesia
Potions
 d - a potion of curing
 r - a potion of might {unknown}
 w - a potion of flight
 A - a potion of degeneration {unknown}
 B - a potion of invisibility {unknown}
 C - a potion of cure mutation {unknown}
Comestibles
 c - 4 bread rations
 f - a beef jerky
 v - a slice of pizza
 z - a meat ration


   Skills:
 + Level 4.2 Fighting
 + Level 2.6 Axes
 * Level 4.1 Armour
 + Level 1.9 Dodging
 + Level 1.0 Stealth
 + Level 3.0 Invocations


You had 5 spell levels left.
You didn't know any spells.

Dungeon Overview and Level Annotations

Branches:
Dungeon (4/15)
 Temple: D:4-7

Altars:
Fedhas
Gozag
Kikubaaqudgha
Nemelex Xobeh
Okawaru
Trog
Yredelemnul

Annotations:
D:4 Ross's ghost, amateur DrFE


Innate Abilities, Weirdness & Mutations

You are mostly covered in iridescent scales (AC +6).
A weak demonic guardian rushes to your aid.
You sometimes gain a little power by taking damage.
You are agile. (Dex +2)


Message History

Your plate armour prevents you from hitting Ross's ghost.
Ross's ghost is almost destroyed.
Ross's ghost casts a spell at you. The puff of flame hits you!
* * * LOW HITPOINT WARNING * * *
Your plate armour prevents you from hitting Ross's ghost.
Ross's ghost is almost destroyed.
Ross's ghost hits you but does no damage.
You barely miss Ross's ghost.
Ross's ghost is almost destroyed.
Ross's ghost gestures at you while chanting.
The puff of flame hits you!
Ross's ghost points at you and mumbles some strange words.
The puff of flame hits you!
* * * LOW HITPOINT WARNING * * *
Drink which item? (? for menu, Esc to quit)
You feel better.
Ross's ghost gestures at you while chanting.
The puff of flame hits you!
You die...

#..# #.## #..#.#
#.## #$.#.# #.##
#..#.## #.##
......### #.## #
#..#..#.. #.##
#.#..#§§#.# #)#
.####h#†.#§§#.###
#.#
....†hW@.#§§#.#..
#)#
.....##$##§§§§#.#
#.# ....
+...§§§§.#.# #.#
..h ##.####..#.#
#.# ..
#.......#.# #.# .
.########.#.# #.#
............#
#.##
≈..######.###
#... ..######..#
#...


You could see Ross's ghost and 2 jackals.

Vanquished Creatures
  An orc priest (D:3)
  A hound (D:4)
  2 worker ants (D:4)
  2 gnolls (D:4)
  6 adders
  An ooze (D:1)
  5 worms
  A giant gecko (D:1)
  8 orcs
  A ball python (D:1)
  7 bats
  5 giant cockroaches
  4 goblins
  11 hobgoblins
  6 jackals
  8 kobolds
  A quokka (D:2)
  6 giant newts
  8 rats
84 creatures vanquished.

Vanquished Creatures (collateral kills)
  A gnoll (D:4)
  4 jackals (D:4)
  A quokka (D:3)
6 creatures vanquished.

Vanquished Creatures (others)
  A crimson imp (D:3)
1 creature vanquished.

Grand Total: 91 creatures vanquished

Notes
Turn   | Place    | Note
--------------------------------------------------------------
     0 | Abyss:1  | Gargoyl the Demonspawn Abyssal Knight began the quest for the Orb.
     0 | Abyss:1  | Reached XP level 1. HP: 18/18 MP: 2/2
   140 | Abyss:2  | Noticed a quicksilver dragon zombie
   140 | Abyss:2  | Noticed a raiju
   142 | D:1      | Escaped the Abyss
   212 | D:1      | Reached * piety under Lugonu
   231 | D:1      | Gained mutation: You are partially covered in iridescent scales (AC +4). [demonic ancestry]
   231 | D:1      | Reached XP level 2. HP: 21/24 MP: 3/3
   575 | D:1      | Gained mutation: You are mostly covered in iridescent scales (AC +6). [demonic ancestry]
   575 | D:1      | Reached XP level 3. HP: 28/29 MP: 5/5
  1042 | D:2      | Found a sparkling altar of Nemelex Xobeh.
  1059 | D:2      | Found a blossoming altar of Fedhas.
  1060 | D:2      | Found an opulent altar of Gozag.
  1060 | D:2      | Found an iron altar of Okawaru.
  1060 | D:2      | Found a bloodstained altar of Trog.
  1063 | D:2      | Found an ancient bone altar of Kikubaaqudgha.
  1065 | D:2      | Found a basalt altar of Yredelemnul.
  1153 | D:2      | Reached ** piety under Lugonu
  1169 | D:2      | Reached skill level 1 in Dodging
  1303 | D:2      | Gained mutation: A weak demonic guardian rushes to your aid. [demonic ancestry]
  1303 | D:2      | Reached XP level 4. HP: 37/37 MP: 6/6
  2287 | D:3      | Reached XP level 5. HP: 35/42 MP: 7/7
  2559 | D:3      | Reached *** piety under Lugonu
  3169 | D:4      | Reached skill level 1 in Stealth
  3169 | D:4      | Gained mutation: You sometimes gain a little power by taking damage. [demonic ancestry]
  3169 | D:4      | Reached XP level 6. HP: 46/48 MP: 8/8
  3268 | D:4      | Noticed Ross's ghost (amateur DrFE)
  3297 | D:4      | Gained mutation: You are agile. (Dex +2) [potion of beneficial mutation]
  3315 | D:4      | HP: 1/48 [Ross's ghost/puff of flame (8)]
  3316 | D:4      | Killed from afar by Ross's ghost

Skill      XL: |  1  2  3  4  5  6 |
---------------+-------------------+-----
Armour         | 2 3 4 |  4.1
Dodging        | 1 |  1.9
Fighting       | 4 |  4.2
Axes           | 2 |  2.6
Invocations    | 3 |  3.0
Stealth        | 1 |  1.0

Action                   |  1- 3 |  4- 6 || total
-------------------------+-------+-------++-------
Melee: Hand axe          |   137 |   224 ||   361
       War axe           |       |    42 ||    42
Throw: Tomahawk          |       |     4 ||     4
Invok: Depart the Abyss  |     1 |       ||     1
       Banish            |       |     1 ||     1
  Use: Scroll            |       |     7 ||     7
       Potion            |       |    10 ||    10
  Eat: Chunk             |     2 |     6 ||     8
Armor: Ring mail         |    29 |       ||    29
       Scale mail        |    56 |    47 ||   103
       Plate armour      |       |   141 ||   141
       Skin              |       |    12 ||    12
Dodge: Dodged            |    70 |    71 ||   141
